 Dungeon Crawl Stone Soup version 0.31-a0-204-g7da18cac08 (webtiles) character file.

Game seed: 13972102824543616755

247 qw the Skirmisher (level 5, -3/30 HPs)
             Began as a Deep Elf Hunter on June 27, 2023.
             Slain by a gnoll
             ... wielding a +0 halberd
              (6 damage)
             ... on level 3 of the Dungeon.
             The game lasted 00:01:03 (2294 turns).

qw the Skirmisher (Deep Elf Hunter)                 Turns: 2294, Time: 00:01:04

Health: -3/30      AC:  5    Str: 10    XL:     5   Next: 85%
Magic:  7/7        EV: 11    Int: 14    God:
Gold:   72         SH:  0    Dex: 18    Spells: 4/4 levels left

rFire   . . .        Y - +0 shortbow
rCold   . . .        (shield currently unavailable)
rNeg    . . .        d - +0 ring mail
rPois   .            (no helmet)
rElec   .            (no cloak)
rCorr   .            (no gloves)
SInv    .            (no boots)
Will    .....        c - amulet of regeneration
Stlth   +            (no ring)
HPRegen 1.05/turn    (no ring)
MPRegen 0.10/turn

%: no passive effects
@: no status effects
A: no striking features
a: no special abilities


You were on level 3 of the Dungeon.
You visited 1 branch of the dungeon, and saw 4 of its levels.

You collected 72 gold pieces.


   Skills:
 - Level 2.0 Fighting
 + Level 9.2 Ranged Weapons
 - Level 2.4 Dodging
 - Level 1.2 Stealth


You had 4 spell levels left.
You didn't know any spells.
Your spell library was empty.

Inventory:

Hand Weapons
 Y - a +0 shortbow (weapon)
Armour
 d - a +0 ring mail (worn)
Jewellery
 c - an amulet of regeneration (around neck)
Potions
 b - a potion of invisibility {unknown}
 e - a potion of attraction {unknown}

Dungeon Overview and Level Annotations

Branches:
Dungeon (4/15)
 Temple: D:4-7

Altars:
Yredelemnul

Shops:
D:1 *


Message History

The gnoll shouts!
The arrow hits the gnoll.
The gnoll is moderately wounded.
You shoot an arrow. The arrow hits the gnoll.
The gnoll is moderately wounded.
You shoot an arrow. The arrow hits the ball python.
The ball python is heavily wounded.
A gnoll comes into view. It is wielding a +0 halberd.
You shoot an arrow.
The arrow barely misses the ball python.
The ball python bites you but does no damage.
The ball python grabs you. The ball python constricts you.
You shoot an arrow. The arrow hits the ball python.
You kill the ball python!
You shoot an arrow. The arrow hits the gnoll.
The gnoll is moderately wounded.
The gnoll throws a throwing net.
The throwing net closely misses you. The goblin barely misses you.
The gnoll hits you with a +2 heavy flail!
Ouch! That really hurt!
2291 ||| STAIRDANCE The goblin hits you but does no damage.
The gnoll closely misses you.
The gnoll hits you with a +2 heavy flail!
You climb upwards.
There is a stone staircase leading down here.
Enter note:
Enter note:
Enter note:
Enter note:
Enter note:
Enter note:
Enter note:
Enter note:
Enter note: You shoot an arrow.
The arrow hits the gnoll.
The gnoll is severely wounded.
The gnoll hits you with a +0 halberd. The goblin hits you with a +0 club.
You shoot an arrow. The arrow completely misses the gnoll.
The gnoll closely misses you. The gnoll hits you with a +0 halberd.
You die...

#.# ##.###.# #.## #.#
#.###.## #.## #.#
#.##...########.## #[#
#....#)%.....##.## #.#
#..#...#####.##.## #.#
#..##.## #.##... #.# #..##.#
#.##### #.# #gg##.# #.#####
#.##########@.##.######......
#..........g...........######
################...[...#
#######.# ### #.####..
#<...... #.####.# #.# #.#
#.####.#


You could see 2 gnolls and a goblin.

Vanquished Creatures
  An orc priest (D:3)
  Jessica (D:3)
  Natasha (twice) (D:3)
  4 adders
  An ufetubus (D:3)
  3 worms (D:3)
  2 dart slugs
  9 orcs
  6 ball pythons
  7 endoplasms
  5 giant cockroaches
  5 goblins
  13 hobgoblins
  5 kobolds
  2 quokkas (D:1)
  3 bats
  5 frilled lizards
  4 rats
78 creatures vanquished.

Notes
Turn   | Place    | Note
-------+----------+-------------------------------------------
     0 | D:1      | qw the Deep Elf Hunter began the quest for the Orb.
     0 | D:1      | Reached XP level 1. HP: 12/12 MP: 3/3
     0 | D:1      | 0 ||| qw: Version: 0.3-a-22-g0ed2b0b
     0 | D:1      | 0 ||| qw: Game counter: 6361
     0 | D:1      | 0 ||| qw: Melee chars always use a shield: true
     0 | D:1      | 0 ||| qw: God list: Okawaru
     0 | D:1      | 0 ||| qw: Allow faded altars: false
     0 | D:1      | 0 ||| qw: Do Orc after clearing Dungeon:15 true
     0 | D:1      | 0 ||| qw: Do second Lair branch before Depths: true
     0 | D:1      | 0 ||| qw: Lair rune preference: random
     0 | D:1      | 0 ||| qw: Goals: Normal
     0 | D:1      | 0 ||| PLANNING D:1-11
    86 | D:1      | Found Bociveha's General Store.
    92 | D:1      | 92 ||| DROPPING scroll of butterflies.
   272 | D:1      | Reached skill level 6 in Ranged Weapons
   272 | D:1      | Reached XP level 2. HP: 16/16 MP: 4/4
   568 | D:1      | 568 ||| SHOPLISTING 2 potions of curing (60 gold, have 12).
   568 | D:1      | 568 ||| SHOPLISTING potion of resistance (100 gold, have
                  | 12).
   568 | D:1      | 568 ||| SHOPLISTING scroll of teleportation (30 gold, have
                  | 12).
   606 | D:1      | Reached XP level 3. HP: 20/20 MP: 5/5
   616 | D:1      | Found a faded altar of an unknown god.
   635 | D:1      | 635 ||| READING scroll labelled JAW GUEBLU YMM.
   960 | D:2      | Found a basalt altar of Yredelemnul.
   979 | D:2      | Reached skill level 7 in Ranged Weapons
  1014 | D:2      | Reached XP level 4. HP: 20/25 MP: 6/6
  1264 | D:2      | 1264 ||| UPGRADING to +0 scale mail.
  1274 | D:2      | 1274 ||| DROPPING +0 leather armour.
  1275 | D:2      | 1275 ||| READING scroll labelled ISAT YHEAH NIG.
  1276 | D:2      | 1276 ||| READING scroll labelled HAHED POYS.
  1281 | D:2      | 1281 ||| READING scroll labelled NUARAGRYUCK.
  1303 | D:3      | 1303 ||| FLEEEEING.
  1305 | D:3      | 1305 ||| STAIRDANCE
  1423 | D:3      | Reached skill level 8 in Ranged Weapons
  1599 | D:3      | Noticed Jessica
  1602 | D:3      | Killed Jessica
  1603 | D:3      | Reached XP level 5. HP: 29/29 MP: 7/7
  1652 | D:3      | HP: 5/29 [poisoned by an adder]
  1656 | D:3      | HP: 2/29 [poisoned by an adder]
  1858 | D:3      | Noticed Natasha
  1863 | D:3      | Killed Natasha
  1916 | D:3      | HP: 6/29 [orc priest/+0 hand axe (7)]
  1921 | D:3      | Reached skill level 9 in Ranged Weapons
  2114 | D:3      | Noticed Natasha
  2118 | D:3      | Killed Natasha
  2250 | D:3      | 2250 ||| UPGRADING to +0 ring mail.
  2260 | D:3      | 2260 ||| DROPPING +0 scale mail.
  2261 | D:3      | 2261 ||| UPGRADING to amulet of regeneration.
  2266 | D:3      | 2266 ||| READING scroll labelled BESHUY TIYRI.
  2291 | D:4      | 2291 ||| STAIRDANCE
  2293 | D:3      | HP: 5/30 [gnoll/+0 halberd (5)]
  2293 | D:3      | HP: 2/30 [goblin/+0 club (3)]
  2294 | D:3      | Slain by a gnoll

Levels and vault maps discovered:
D:1:      reono_arrival_mine, layout_rooms, serial_shops,
          nicolae_shop_tiny_glass, shapermc_ecumenical_altar_acropolis,
          serial_co_window_serial, co_window_paths_b, co_window_cross_1,
          co_window_paths_b, co_window_paths_a, co_window_paths_a,
          co_window_paths_a, co_window_corner_a, co_window_paths_b,
          co_window_corner_a, co_window_corner_ca, co_window_unsneaky_path_c,
          co_window_2corner, co_window_broadway_b, glass_columns_a,
          glass_columns_a, glass_columns_a, glass_columns_b
D:2:      layout_rooms, basic_altar
D:3:      layout_loops_ring, skrybe_limestone_x, uniq_natasha, uniq_jessica
D:4:      layout_basic, uniq_grinder

Skill      XL: |  1  2  3  4  5 |
---------------+----------------+-----
Ranged Weapons | 6 7 8 9 |  9.2
Fighting       | 2 |  2.0
Dodging        | |  2.4
Stealth        | |  1.2

Action                     |  1- 3 |  4- 6 || total
---------------------------+-------+-------++-------
   Fire: Shortbow          |   105 |   120 ||   225
    Use: Scroll            |     1 |     4 ||     5
 Armour: Leather armour    |     5 |     1 ||     6
         Scale mail        |       |    32 ||    32
         Ring mail         |       |     2 ||     2
  Dodge: Dodged            |    14 |    40 ||    54

Table legend:
 A = Non-vault XP
 B = Vault XP
 C = Vault XP percentage of total XP
 D = Non-vault monster count
 E = Vault monster count
 F = Vault count percentage of total count
                 A         B        C        D         E       F
            +---------+---------+-------+---------+---------+-------
      Total |     282 |      72 |  20.3 |      76 |       2 |   2.6
            +---------+---------+-------+---------+---------+-------
        D:1 |      47 |       0 |   0.0 |      25 |       0 |   0.0
        D:2 |      66 |       0 |   0.0 |      22 |       0 |   0.0
        D:3 |     167 |      72 |  30.1 |      28 |       2 |   6.7
        D:4 |       2 |       0 |   0.0 |       1 |       0 |   0.0
            +---------+---------+-------+---------+---------+-------
